 Dungeon Crawl Stone Soup version 0.29-a0-617-g7a6b98fccd (webtiles) character file.

Game seed: 8108564468261893846

117 Kaemin the Covered (level 4, -15/40 HPs)
             Began as a Minotaur Fighter on June 18, 2022.
             Was an Initiate of Ashenzari.
             Demolished by an ogre
             ... wielding a +0 giant club
              (18 damage)
             ... on level 4 of the Dungeon.
             The game lasted 00:11:33 (2139 turns).

Kaemin the Covered (Minotaur Fighter)               Turns: 2139, Time: 00:11:33

Health: -15/40     AC: 18    Str: 22    XL:     4   Next: 71%
Magic:  3/3        EV:  3    Int:  5    God:    Ashenzari [......]
Gold:   186        SH:  4    Dex: 10    Spells: 3/3 levels left

rFire   . . .      SeeInvis +   a - +0 long sword
rCold   . . .      Faith    .   c - +0 buckler
rNeg    . . .      Spirit   .   o - +0 crystal plate armour
rPois   .          Reflect  .   (helmet restricted)
rElec   .          Harm     .   l - +0 cloak
rCorr   +          Rampage  .   (no gloves)
Will    .....                   (no boots)
Stlth   ..........              (no amulet)
HPRegen 0.13/turn               n - ring of see invisible
MPRegen 0.08/turn               j - ring of resist corrosion

@: mighty
A: horns 2, retaliatory headbutt
a: Renounce Religion, Curse Item


You were on level 4 of the Dungeon.
You worshipped Ashenzari.
Ashenzari was noncommittal.
You visited 1 branch of the dungeon, and saw 4 of its levels.

You collected 186 gold pieces.

Inventory:

Hand Weapons
 a - a +0 long sword (weapon)
 g - a +2 dagger of flaming
Missiles
 t - a boomerang (quivered)
Armour
 b - a +0 scale mail
 c - a +0 buckler (worn)
 h - an orb of guile
 l - a +0 cloak (worn)
 o - a +0 crystal plate armour (worn)
Jewellery
 j - a ring of resist corrosion (right hand)
 n - a ring of see invisible (left hand)
Scrolls
 e - a scroll of immolation {unknown}
 f - 2 scrolls of magic mapping {unknown}
 i - a scroll of poison {unknown}
 k - a scroll of teleportation {unknown}
 m - a scroll of torment {unknown}
 p - 2 scrolls of identify {unknown}
 s - a scroll of fog {unknown}
Potions
 d - 2 potions of might
 q - a potion of resistance {unknown}
 r - a potion of brilliance


   Skills:
 + Level 4.1 Fighting
 + Level 4.4 Long Blades
 + Level 4.4 Armour
 + Level 4.2 Shields


You had 3 spell levels left.
You didn't know any spells.
Your spell library contained the following spells:

 Spells                   Type           Power      Damage    Failure   Level
 Dazzling Flash           Conj/Hex       0%         N/A       100%        3
 Ozocubu's Armour         Ice            0%         N/A       100%        3
 Agony                    Necr           0%         N/A       100%        5
 Metabolic Englaciation   Hex/Ice        0%         N/A       100%        5
 Silence                  Hex/Air        0%         N/A       100%        5
 Simulacrum               Ice/Necr       0%         N/A       100%        6


Dungeon Overview and Level Annotations

Branches:
Dungeon (4/15)
 Temple: D:4-7

Altars:
Ashenzari
Yredelemnul


Innate Abilities, Weirdness & Mutations

You have a pair of horns on your head.
You reflexively headbutt those who attack you in melee.


Message History

You block the orc's attack.
You barely miss the orc. You headbutt the orc, but do no damage.
The orc hits you with a +0 trident.
* * * LOW HITPOINT WARNING * * *
You barely miss the orc. The orc hits you but does no damage.
You barely miss the orc. Your headbutt misses the orc.
You block the orc's attack. x2
You hit the orc. You headbutt the orc, but do no damage.
The orc is almost dead.
The orc barely misses you.
You slash the orc!
You kill the orc!
g - a +2 dagger of flaming
Things that are here:
a +0 trident; a boomerang; a +0 chain mail
t - a boomerang You start resting.
An ogre comes into view. It is wielding a +0 giant club.
Things that are here:
a +0 club; a +0 leather armour; an orc corpse You start resting.
An ogre is nearby!
You are too injured to fight recklessly!
You are too injured to fight recklessly!
The ogre shouts!
Things that are here:
a +0 flail; a kobold corpse
Found a basalt altar of Yredelemnul.
An ogre is nearby!
An ogre is nearby!
You see here a +0 dagger.
You feel very mighty all of a sudden.
You slash the ogre!
The ogre is moderately wounded.
The ogre hits you with a +0 giant club!
* * * LOW HITPOINT WARNING * * *
You hit the ogre.
The ogre is heavily wounded.
The ogre hits you with a +0 giant club!!
You die...

#. ##. .####..
.#.... ..#.# ###
##.#.#
...##....#
#....#..#
#..#.@####.##
#####...O......#
.......))####.##
#####..).# #..
####....#.###.#
##....##.#.)##.#
......#..##.##.#
#.#....###.##<#
#...## #....#


You could see an ogre.

Vanquished Creatures
  An orc priest (D:4)
  2 adders
  A worm (D:3)
  4 dart slugs
  3 orcs
  7 endoplasms
  3 giant cockroaches
  2 goblins
  A hobgoblin (D:2)
  2 jackals (D:1)
  3 quokkas (D:3)
  10 ball pythons
  3 bats
  2 frilled lizards
  5 kobolds
  6 rats
55 creatures vanquished.

Notes
Turn   | Place    | Note
-------+----------+-------------------------------------------
     0 | D:1      | Kaemin the Minotaur Fighter began the quest for the Orb.
     0 | D:1      | Reached XP level 1. HP: 19/19 MP: 0/0
   383 | D:1      | Found a faded altar of an unknown god.
   386 | D:1      | Prayed at the altar of an unknown god.
   386 | D:1      | Became a worshipper of Ashenzari the Shackled
   474 | D:1      | Reached XP level 2. HP: 27/27 MP: 1/1
   993 | D:2      | Reached XP level 3. HP: 32/33 MP: 2/2
  1625 | D:3      | Reached XP level 4. HP: 40/40 MP: 3/3
  2092 | D:4      | Noticed an ogre
  2116 | D:4      | Found a basalt altar of Yredelemnul.
  2138 | D:4      | HP: 2/40 [ogre/+0 giant club (8)]
  2139 | D:4      | Demolished by an ogre

Illustrated notes

Levels and vault maps discovered:
D:1:      onia_arrival_mini_spirals, layout_loops_cross,
          shapermc_ecumenical_altar_mp_vishouse
D:2:      layout_basic
D:3:      layout_rooms
D:4:      layout_rooms, mainiacjoe_overflow_large_starburst,
          minmay_temple_entry_trees, kennysheep_generic_room_13

Skill      XL: |  1  2  3 |
---------------+----------+-----
Armour         | 4 |  4.4
Shields        | 4 |  4.2
Long Blades    | 3 4 |  4.4
Fighting       | 4 |  4.1

Action                   |  1- 3 |  4- 6 || total
-------------------------+-------+-------++-------
Melee: Long sword        |   134 |    44 ||   178
       Headbutt          |    15 |     8 ||    23
  Use: Potion            |     6 |     3 ||     9
Armor: Scale mail        |    24 |       ||    24
       Crystal plate arm |    93 |    34 ||   127
Dodge: Dodged            |    41 |    10 ||    51
Block: Buckler           |    33 |    11 ||    44

Table legend: (Time is in decaauts)
 A = Elapsed time spent in this place.
 B = Non-inter-level travel time spent in this place.
 C = Inter-level travel time spent in this place.
 D = Time resting spent in this place.
 E = Time spent auto-exploring this place.
 F = Levels seen in this place.
 G = Mean time per level.
                   A        B        C        D        E       F      G
               +--------+--------+--------+--------+--------+-----+--------+
         Total |   2184 |   1829 |    355 |     53 |   1311 |   4 |  546.0 |
       Dungeon |   2184 |   1829 |    355 |     53 |   1311 |   4 |  546.0 |
               +--------+--------+--------+--------+--------+-----+--------+

Top non-repeatable levels by time:
     D:1: 922 daAuts
     D:2: 616 daAuts
     D:3: 559 daAuts
     D:4: 85 daAuts
